 Dungeon Crawl Stone Soup version 0.22-a0-587-g7d32d7c (webtiles) character file.

117 sking99 the Ruffian (level 4, 0/35 HPs)
             Began as a Draconian Transmuter on July 4, 2018.
             Slain by a leopard gecko (4 damage)
             ... on level 3 of the Dungeon.
             The game lasted 00:03:37 (1999 turns).

sking99 the Ruffian (Draconian Transmuter)          Turns: 1999, Time: 00:03:38

Health: 0/35       AC:  8    Str: 13    XL:     4   Next: 71%
Magic:  7/7        EV: 12    Int: 14    God:
Gold:   101        SH:  0    Dex: 11    Spells: 4/7 levels left

rFire    . . .     SeeInvis .     - Unarmed
rCold    . . .     Gourm    .   (no shield)
rNeg     . . .     Faith    .   (armour unavailable)
rPois    .         Spirit   .   j - +2 hat
rElec    .         Reflect  .   (no cloak)
rCorr    .         Harm     .   i - +0 pair of gloves
MR       .....                  (no boots)
Stlth    +.........             (no amulet)
HPRegen  0.11/turn              (no ring)
MPRegen  0.10/turn              (no ring)

@: no status effects
A: unfitting armour, cold-blooded, AC +5
a: no special abilities


You were on level 3 of the Dungeon.
You were not hungry.

You visited 1 branch of the dungeon, and saw 3 of its levels.

You collected 101 gold pieces.

Inventory:

Missiles
 a - 25 arrows
Armour
 i - a +0 pair of gloves (worn)
 j - a +2 hat (worn)
Jewellery
 f - an uncursed ring of stealth {unknown}
Scrolls
 b - a scroll of remove curse {unknown}
 d - a scroll of noise {unknown}
 e - 2 scrolls of identify {unknown}
 k - a scroll of immolation {unknown}
 l - a scroll of enchant armour {unknown}
Potions
 g - a potion of curing
Comestibles
 c - 7 rations
 h - a chunk of flesh


   Skills:
 - Level 1.1 Fighting
 - Level 1.7 Dodging
 + Level 5.5 Unarmed Combat
 - Level 2.0 Spellcasting
 - Level 2.0 Transmutations


You had 4 spell levels left.
You knew the following spells:

 Your Spells              Type           Power        Failure   Level  Hunger
a - Beastly Appendage     Tmut           #.....       11%         1    ##.....
b - Sticks to Snakes      Tmut           #.......     16%         2    ###....

Your spell library contained the following spells:

 Spells                   Type           Power        Failure   Level  Hunger
 Spider Form              Tmut/Pois      #.........   43%         3    ####...
 Blade Hands              Tmut           #.........   96%         5    ######.
 Ice Form                 Ice/Tmut       #.......     83%         4    #####..


Dungeon Overview and Level Annotations

Branches:
Dungeon (3/15)

Altars:


Innate Abilities, Weirdness & Mutations

Your plain brown scales are hard. (AC +5)
You cannot fit into any form of body armour.
You are cold-blooded and may be slowed by cold attacks.


Message History

Robin is heavily wounded.
Robin hits you with a falchion.
* * * LOW HITPOINT WARNING * * *
You hit Robin but do no damage.
Robin is heavily wounded.
Robin hits you but does no damage.
You hit Robin.
Robin is heavily wounded.
Robin barely misses you.
You hit Robin.
Robin is heavily wounded.
Robin closely misses you.
You hit Robin.
Robin is almost dead.
You hit Robin.
You kill Robin!
You miss the leopard gecko.
Your tail-slap misses the leopard gecko.
The leopard gecko bites you.
You die...

#########
.###.......#
.........)########
#.......)@l......
# #......)###.....
.# #....$..# ..#
##. #.......# #
#.. ###..#### ..
#..## .#
##.#####.. .##
#........# ..#
##..#######


You could see a leopard gecko.

Vanquished Creatures
  Robin (D:3)
  3 adders
  A worm (D:2)
  3 dart slugs (D:1)
  2 leopard geckos
  3 orcs (D:3)
  9 bats
  2 giant cockroaches (D:1)
  16 goblins
  6 hobgoblins
  4 kobolds
  A ball python (D:1)
  2 frilled lizards (D:1)
  5 rats
58 creatures vanquished.

Vanquished Creatures (collateral kills)
  An adder (D:2)
1 creature vanquished.

Grand Total: 59 creatures vanquished

Notes
Turn   | Place    | Note
-------+----------+-------------------------------------------
     0 | D:1      | sking99 the Draconian Transmuter began the quest for the Orb.
     0 | D:1      | Reached XP level 1. HP: 16/16 MP: 3/3
   171 | D:1      | Reached XP level 2. HP: 16/23 MP: 5/5
   463 | D:1      | Reached skill level 4 in Unarmed Combat
   583 | D:1      | Reached XP level 3. HP: 20/28 MP: 6/6
   667 | D:1      | Learned a level 2 spell: Sticks to Snakes
  1328 | D:2      | Found a faded altar of an unknown god.
  1526 | D:2      | Reached XP level 4. HP: 35/35 MP: 5/7
  1738 | D:3      | Reached skill level 5 in Unarmed Combat
  1931 | D:3      | Noticed Robin
  1998 | D:3      | Killed Robin
  1999 | D:3      | Slain by a leopard gecko

Vault maps used:
D:1:      enne_arrival_octagon_isle
D:2:      first_ration, chequers_ecumenical_altar_island
D:3:      ebering_ghost_gozag, uniq_robin

Skill      XL: |  1  2  3  4 |
---------------+-------------+-----
Unarmed Combat | 4 5 |  5.5
Fighting       | |  1.1
Dodging        | |  1.7
Spellcasting   | |  2.0
Transmutations | |  2.0

Action                   |  1- 3 |  4- 6 || total
-------------------------+-------+-------++-------
Melee: Unarmed           |   127 |    90 ||   217
       Tailslap          |     9 |     9 ||    18
       Punch             |     1 |     3 ||     4
       Kick              |     1 |     3 ||     4
       Headbutt          |       |     1 ||     1
 Cast: Beastly Appendage |     2 |     2 ||     4
       Sticks to Snakes  |     2 |       ||     2
  Use: Potion            |       |     1 ||     1
 Stab: Distracted        |     1 |       ||     1
  Eat: Chunk             |     2 |     2 ||     4
Armor: Skin              |    47 |    35 ||    82
Dodge: Dodged            |   116 |    62 ||   178

Table legend:
 A = Spawn XP
 B = Non-spawn XP
 C = Spawn XP percentage of total XP
 D = Spawn monster count
 E = Non-spawn monster count
 F = Spawn count percentage of total count
 G = Total turns spent on level
                    A         B        C        D         E        F      G
               +---------+---------+-------+---------+---------+-------+---------
         Total |       0 |     168 |   0.0 |       0 |      59 |   0.0 |  1999
               +---------+---------+-------+---------+---------+-------+---------
           D:1 |       0 |      47 |   0.0 |       0 |      26 |   0.0 |   932
           D:2 |       0 |      50 |   0.0 |       0 |      11 |   0.0 |   771
           D:3 |       0 |      71 |   0.0 |       0 |      22 |   0.0 |   296
               +---------+---------+-------+---------+---------+-------+---------
